Map: Ruins of Endion

Players

Reckless

  • Race: Terran Terran
  • League: Platinum

blackxored - Winner!

  • Race: Zerg Zerg
  • League: Diamond

VOD

Have the link to the VOD?

Description

Time

  • Played on: July 3, 2016, 6:43 p.m.
  • Length: 17:42
Show
View Real Time Build Order
Export as new Build Order

Reckless Terran 

Build Orders: Reaper Expand, MMM Bio 

Get SALT Encoding   

  12  0:01  SCV  
  13  0:14  SCV  
  14  0:18  Supply Depot  
  14  0:26  SCV  
  15  0:39  SCV  
  15  0:40  Barracks  
  16  0:45  Refinery  
  16  0:51  SCV  
  17  1:03  SCV  
  18  1:16  SCV  
  19  1:29  Reaper  
  19  1:31  Orbital Command  
  20  1:41  Command Center  
  20  1:55  Refinery  
  20  1:57  SCV  
  21  2:08  Barracks Reactor  
  21  2:09  SCV  
  21  2:10  Supply Depot  
  22  2:16  Barracks  
  22  2:21  SCV  
  23  2:45  Marine, SCV  
  23  2:46  Marine  
  26  2:54  Factory, Orbital Command  
  26  2:57  SCV  
  27  3:03  Marine, Barracks Tech Lab  
  28  3:09  SCV  
  29  3:15  Marine  
  30  3:21  Marine, SCV  
  32  3:33  SCV x2  
  34  3:34  Marine  
  34  3:35  Stimpack  
  34  3:38  Marine  
  36  3:45  SCV  
  36  3:46  SCV  
  36  3:47  Starport, Factory Reactor  
  36  3:48  Marine  
  38  3:55  Supply Depot  
  39  3:57  SCV  
  39  3:58  SCV  
  39  3:59  Marine  
  41  4:11  Marine  
  42  4:17  Marine x2  
  42  4:20  SCV x2  
  46  4:27  Supply Depot  
  46  4:29  Marine  
  47  4:32  SCV x2  
  47  4:38  Medivac x2  
  51  4:44  SCV  
  54  4:48  SCV  
  54  4:49  Supply Depot  
  55  4:53  Supply Depot  
  55  4:54  Engineering Bay  
  55  4:55  Engineering Bay  
  55  4:56  Marine, SCV  
  57  5:00  SCV  
  57  5:04  Refinery  
  57  5:05  Refinery, Marine x2  
  60  5:08  SCV  
  60  5:11  Liberator  
  60  5:12  Supply Depot  
  60  5:13  SCV  
  62  5:20  Marine  
  62  5:21  SCV  
  64  5:23  Marine  
  64  5:27  Viking  
  70  5:30  SCV  
  70  5:33  SCV  
  72  5:37  Command Center  
  72  5:42  Supply Depot  
  72  5:45  SCV  
  72  5:46  Terran Infantry Weapons Level 1, Terran Infantry Armor Level 1  
  72  5:48  Combat Shields  
  73  5:57  Barracks  
  73  6:05  Medivac  
  73  6:06  Marine  
  73  6:07  Marine x2  
  78  6:20  Medivac, Liberator  
  78  6:22  SCV x2  
  78  6:24  Marine x2  
  86  6:42  Marine  
  86  6:44  Barracks  
  86  6:47  Armory  
  87  6:50  Barracks  
  87  6:51  Barracks  
  80  7:30  SCV  
  80  7:31  Orbital Command  
  80  7:36  Marine  
  80  7:37  Marine  
  82  7:38  Barracks Tech Lab  
  82  7:39  Barracks Reactor  
  82  7:40  Barracks Reactor x2  
  72  8:14  Marine x2  
  72  8:18  Medivac x2  
  78  8:21  Marine x4  
  78  8:22  Marauder x2  
  78  8:26  Marine  
  78  8:27  Marine, Terran Infantry Weapons Level 2  
  87  8:28  Terran Infantry Armor Level 2  
  87  8:32  Marine x2  
  90  8:39  Marine x4  
  94  8:43  Marauder x2  
  94  8:44  Marine x2  
  100  8:48  Medivac  
  95  8:56  Marine x3  
  95  8:57  Marine x2  
  95  9:02  Marine x3  
  100  9:04  Marauder x2  
  105  9:13  Barracks  
  105  9:14  Marine x4, Liberator  
  109  9:17  Barracks, Orbital Command  
  109  9:26  Marauder  
  109  9:27  Marine  
  109  9:30  Marine x2  
  109  9:31  Marauder  
  113  9:33  Concussive Shells  
  116  9:45  SCV  
  117  9:51  Missile Turret  
  117  9:52  Missile Turret  
  117  9:54  Missile Turret  
  117  9:57  Marine, SCV, Missile Turret  
  117  9:59  Missile Turret  
  117  10:02  Barracks Reactor  
  117  10:08  Supply Depot  
  117  10:12  Liberator  
  117  10:13  Supply Depot  
  117  10:29  Marine x2, Marauder, SCV  
  117  10:35  Marine x5, Medivac, Marauder  
  133  10:36  SCV  
  133  10:37  Marine  
  133  10:40  Barracks Tech Lab  
  131  10:43  Supply Depot  
  131  10:44  Supply Depot  
  131  10:47  Marine  
  132  10:51  Marine  
  133  10:59  Supply Depot x2  
  133  11:05  Marine x2, Marauder x2  
  139  11:13  Marine x5, Marauder  
  139  11:14  Marine  
  147  11:23  Supply Depot  
  147  11:27  Marauder x2  
  142  11:35  Marauder  
  101  11:42  Marine x5  
  101  11:43  Marine x5  
  102  11:48  Marauder x2  
  95  11:56  Marauder  
  95  12:00  Marine x10  
  101  12:05  Medivac x2  
  105  12:09  Marauder x2  
  109  12:18  Marine x4, Marauder  
  109  12:19  Marine  
  109  12:20  Marine x5  
  121  12:29  Refinery  
  121  12:31  Marauder x2  
  121  12:32  Refinery  
  121  12:35  Medivac x2  
  121  12:36  Marine x3  
  132  12:39  Marauder  
  124  12:49  Marine  
  124  12:50  Marine x2  
  119  12:52  Marauder x2  
  119  12:56  Marine  
  119  12:57  Marine x2  
  126  13:00  Marauder  
  128  13:08  Marine  
  128  13:09  Marine  
  128  13:10  Marine x3  
  120  13:13  Terran Infantry Weapons Level 3  
  120  13:14  Marauder x2  
  120  13:15  Terran Infantry Armor Level 3  
  120  13:17  Widow Mine  
  122  13:22  Marauder  
  124  13:30  Orbital Command  
  124  13:34  Marine x3  
  124  13:35  Marauder x2  
  124  13:37  Marine  
  124  13:38  Marine x3  
  135  13:43  Marauder  
  137  13:52  Marine x2  
  139  13:56  Marauder x2  
  142  14:04  Marauder  
  119  14:18  Marauder x2  
  102  14:33  Marine x7  
  102  14:34  Marine x4  
  110  14:39  Marine, Marauder  
  107  14:49  Missile Turret  
  107  14:51  Marine x7  
  107  14:52  Marine x3  
  119  14:53  Marauder  
  119  14:57  Medivac x2, Marauder  
  125  15:00  Marauder  
  127  15:09  Marine x2  
  129  15:14  Marauder  
  129  15:15  Marine x3  
  129  15:18  Marauder  
  129  15:19  Widow Mine  
  136  15:22  Marauder  
  136  15:25  Refinery  
  136  15:27  Medivac x2  
  144  15:35  Marauder  
  144  15:39  Marine x2  
  144  15:40  Marine x8, Marauder  
  156  15:43  Marine  
  155  15:56  Marine  
  156  15:57  Marine x5, Medivac x2  
  156  16:01  Marauder  
  167  16:07  Marine x2  
  167  16:08  Marine x3, Marauder  
  164  16:15  Marauder  
  164  16:17  Marine x3  
  156  16:21  Marine x2  
  156  16:22  Marauder  
  156  16:25  Marine x2  
  145  16:27  Medivac x2  
  145  16:29  Marauder  
  153  16:36  Marine x3, Reaper  
  153  16:37  Marine  
  158  16:47  Refinery  
  158  16:57  Medivac  
  145  17:20  Marine  
  145  17:22  Marine x3  
  113  17:23  Marine x6  
Show
View Real Time Build Order
Export as new Build Order

blackxored Zerg - Winner!

Build Orders: Hatch First, Muta Ling Bane 

Get SALT Encoding   

  12  0:01  Drone  
  13  0:08  Drone  
  14  0:17  Overlord  
  14  0:23  Extractor  
  14  0:25  Drone  
  15  0:36  Drone  
  15  0:37  Drone  
  17  0:53  Hatchery  
  17  0:55  Drone  
  17  0:59  Drone  
  18  1:10  Extractor  
  17  1:14  Spawning Pool  
  17  1:17  Drone  
  17  1:20  Drone  
  18  1:27  Drone  
  19  1:39  Overlord  
  19  1:49  Drone  
  20  2:01  Zergling x2  
  21  2:03  Queen  
  21  2:04  Queen  
  21  2:05  Zergling x2  
  26  2:11  Zergling x2  
  27  2:22  Hatchery  
  27  2:27  Metabolic Boost  
  26  2:46  Queen  
  26  2:48  Overlord  
  28  2:51  Drone  
  28  2:52  Drone  
  28  2:54  Drone  
  31  3:00  Drone x2  
  31  3:03  Drone  
  34  3:10  Pneumatized Carapace  
  33  3:16  Drone x2  
  35  3:20  Overlord  
  34  3:43  Drone  
  34  3:44  Drone x6  
  34  3:45  Queen  
  43  3:51  Queen  
  45  4:09  Queen  
  47  4:15  Drone x2  
  49  4:21  Queen  
  51  4:25  Zergling x2  
  51  4:26  Zergling x10  
  51  4:27  Overlord x2  
  57  4:34  Baneling Nest  
  57  4:35  Drone  
  57  4:36  Overlord  
  57  4:47  Queen  
  57  4:49  Queen  
  61  5:00  Overlord  
  61  5:03  Drone x8  
  69  5:11  Drone  
  69  5:13  Spore Crawler  
  69  5:15  Drone  
  69  5:18  Spore Crawler  
  69  5:30  Drone x3  
  69  5:31  Drone x8  
  80  5:35  Lair  
  80  5:37  Baneling  
  80  5:38  Baneling x4  
  80  5:40  Baneling x2  
  80  5:46  Extractor  
  80  5:47  Extractor  
  79  5:50  Extractor, Drone x2  
  79  5:51  Extractor, Zergling x2  
  79  5:52  Zergling x6  
  82  6:04  Extractor  
  81  6:25  Zergling x16  
  86  6:26  Overlord x2  
  89  6:37  Hatchery  
  88  6:41  Drone  
  88  6:42  Evolution Chamber  
  88  6:43  Drone x2, Evolution Chamber  
  88  6:47  Hatchery  
  88  7:06  Drone  
  88  7:07  Drone  
  90  7:09  Zerg Melee Weapons Level 1, Zerg Ground Armor Level 1  
  90  7:11  Drone x4  
  90  7:12  Drone  
  91  7:17  Drone x8  
  92  7:29  Drone  
  93  7:30  Spire  
  93  7:32  Drone x3  
  93  7:35  Drone x3  
  98  7:39  Overseer  
  92  8:07  Drone x8  
  87  8:22  Drone x6  
  93  8:30  Infestation Pit, Drone  
  93  8:36  Queen  
  93  8:37  Drone x2  
  97  8:44  Mutalisk  
  97  8:45  Mutalisk x2  
  97  8:48  Hatchery  
  91  8:57  Zergling x6  
  91  8:58  Baneling  
  91  8:59  Centrifical Hooks, Baneling x8  
  91  9:00  Drone x2  
  91  9:02  Drone x2  
  98  9:12  Zergling x10  
  103  9:17  Mutalisk x2  
  107  9:32  Baneling x2  
  107  9:35  Mutalisk  
  107  9:37  Overlord x4  
  109  9:40  Hive, Zerg Melee Weapons Level 2, Zerg Ground Armor Level 2  
  109  9:53  Drone  
  109  9:58  Overseer  
  109  9:59  Overlord  
  110  10:01  Overlord  
  110  10:02  Overlord x2  
  110  10:11  Drone x10  
  119  10:23  Zergling x20  
  127  10:36  Drone x6  
  127  10:39  Extractor  
  127  10:40  Drone  
  127  10:41  Extractor  
  132  10:44  Zergling x2  
  132  10:47  Zergling x16  
  132  10:49  Baneling x3  
  133  10:50  Baneling x17  
  129  11:05  Corruptor x6  
  141  11:15  Drone x2  
  141  11:18  Drone  
  144  11:21  Drone x3  
  144  11:22  Drone x3  
  150  11:31  Extractor  
  141  11:32  Extractor  
  141  11:34  Spore Crawler  
  122  11:41  Zergling x18  
  125  11:50  Mutalisk x7  
  117  12:03  Drone x9  
  117  12:06  Ultralisk Cavern  
  125  12:13  Queen  
  127  12:16  Zerg Melee Weapons Level 3  
  127  12:25  Zerg Ground Armor Level 3  
  127  12:48  Zergling x18  
  127  12:49  Zergling x12  
  128  13:03  Drone x3  
  128  13:04  Drone  
  132  13:09  Hatchery  
  132  13:10  Zergling x6  
  132  13:11  Zergling x2  
  132  13:22  Chitinous Plating  
  132  13:24  Ultralisk x3  
  150  13:33  Drone x3  
  153  13:34  Drone x2  
  153  13:41  Queen  
  155  13:46  Baneling  
  155  13:47  Baneling x6  
  157  13:49  Baneling  
  157  13:51  Baneling  
  156  13:55  Queen  
  141  14:16  Ultralisk x2  
  141  14:30  Zergling x2  
  141  14:31  Zergling x16  
  145  14:37  Zergling x6  
  143  14:48  Ultralisk  
  143  14:50  Overseer  
  149  14:59  Ultralisk  
  153  15:23  Overlord x2  
  153  15:24  Overlord  
  152  15:46  Mutalisk  
  152  15:48  Ultralisk x2  
  158  16:16  Drone  
  157  16:23  Hatchery  
  157  16:24  Mutalisk  
  156  16:32  Drone  
  157  16:33  Drone  
  157  16:34  Drone  
  157  16:36  Drone x2  
  157  16:38  Drone x2  
  163  16:42  Drone x2, Spine Crawler  
  163  16:43  Drone x2, Spine Crawler  
  163  16:44  Spine Crawler  
  163  16:45  Spine Crawler  
  163  16:52  Corruptor  
  163  16:53  Corruptor x3  
  171  16:54  Zergling x2  
  119  17:27  Ultralisk Cavern  
Tags
 
Add a new tag
Caveats
  • Supply blocks, unpowered buildings, or Contaminate may cause inaccurate times.
  • Supply counts are checked every 10 seconds.